 Dungeon Crawl Stone Soup version 0.17-a0-1719-g1afd5a1 (webtiles) character file.

65 kosy22 the Skirmisher (level 4, 0/41 HPs)
             Began as a Hill Orc Chaos Knight on Aug 28, 2015.
             Slain by an iron imp (4 damage)
             ... summoned by Xom
             ... on level 2 of the Dungeon.
             The game lasted 00:05:49 (1895 turns).

kosy22 the Skirmisher (Hill Orc Chaos Knight)       Turns: 1895, Time: 00:05:50

Health: 0/41       AC:  5    Str: 15    XL:     4   Next: 14%
Magic:  3/3        EV: 12    Int: 12    God:    Xom [*.....]
Gold:   49         SH:  0    Dex: 12    Spells: 0 memorised, 3 levels left

rFire  . . .     SeeInvis .     l - +1 spear (venom)
rCold  . . .     Clarity  .     b - +2 leather armour
rNeg   . . .     SustAt   .     (no shield)
rPois  .         Gourm    .     (no helmet)
rElec  .         Spirit   .     (no cloak)
rCorr  .         Warding  .     (no gloves)
rMut   .         Stasis   .     (no boots)
MR     .....                    (no amulet)
Stlth  +.........               (no ring)
                                (no ring)

@: not resistant to hostile enchantments, very unstealthy
A: agile 1, blurry vision 1, low mp 1
a: Renounce Religion


You were on level 2 of the Dungeon.
You worshipped Xom.
You were a special plaything of Xom.
You were not hungry.

You visited 1 branch of the dungeon, and saw 2 of its levels.

You collected 49 gold pieces.

Inventory:

Hand weapons
 a - a +0 falchion of chaos
 l - a +1 spear of venom (weapon)
Armour
 b - a +2 leather armour (worn)
Jewellery
 e - an uncursed amulet of rage {unknown}
 i - an uncursed amulet of guardian spirit {unknown}
 m - an uncursed amulet of resist mutation {unknown}
Scrolls
 d - a scroll of blinking {unknown}
 f - a scroll of teleportation {unknown}
 k - a scroll of noise {unknown}
Potions
 g - a potion of haste {unknown}
 h - a potion of degeneration {unknown}
 j - a potion of flight {unknown}
 n - a potion of might {unknown}
 p - a potion of magic {unknown}
Comestibles
 c - a meat ration
 o - a royal jelly


   Skills:
 + Level 4.5 Fighting
 + Level 3.6 Long Blades
 + Level 2.6 Armour
 + Level 1.8 Dodging
 + Level 0.1 Stealth


You had 3 spell levels left.
You didn't know any spells.

Dungeon Overview and Level Annotations

Branches:
Dungeon (2/15)

Altars:


Innate Abilities, Weirdness & Mutations

You are agile. (Dex +2)
Scrolls take you a little longer to read.
Your magical capacity is low (-10% MP).


Message History

The iron imp is heavily wounded.
The iron imp hits you but does no damage.
You closely miss the iron imp.
The iron imp is heavily wounded.
The iron imp hits you.
* * * LOW HITPOINT WARNING * * *
You hit the iron imp but do no damage.
The iron imp is poisoned.
The iron imp is heavily wounded.
The iron imp hits you but does no damage.
You closely miss the iron imp.
The iron imp is severely wounded.
The iron imp hits you.
* * * LOW HITPOINT WARNING * * *
You hit the iron imp.
The iron imp looks even sicker.
The iron imp is severely wounded.
You hit the iron imp but do no damage.
The iron imp is almost dead.
The iron imp hits you.
You die... "It was about time."

###...###..# # #. ###.........
.# #. .....####..# #$## ####.
............ ##..##.#.g.>
.##..####..# .!..........##
...........# #..#.##.#.....##
.########.#######..#.##...l....#
.# ...#..?..(.............. †#
#.#...@....###.......#.
.##########..%..5..### #......##
...)......#.#.....#.# #.....##
#########.#.#.....##....>....
#....#(....# #.....##.
###....#(..(## ###.# #)
#............# #.........###.##
#...()..(.....?.


You could see an iron imp.

Vanquished Creatures
  2 adders (D:2)
  A giant gecko (D:1)
  6 bats
  3 giant cockroaches
  7 goblins
  4 hobgoblins
  3 jackals (D:1)
  9 kobolds
  3 giant newts (D:1)
  8 rats
46 creatures vanquished.

Notes
Turn   | Place    | Note
--------------------------------------------------------------
     0 | D:1      | kosy22 the Hill Orc Chaos Knight began the quest for the Orb.
     0 | D:1      | Reached XP level 1. HP: 19/19 MP: 1/1
    15 | D:1      | XOM: potion effect (berserk rage)
    46 | D:1      | XOM: fog
   252 | D:1      | Reached XP level 2. HP: 27/27 MP: 2/2
   330 | D:1      | Reached skill level 4 in Fighting
   534 | D:1      | XOM: cast spell 'Summon Butterflies'
   645 | D:1      | XOM: 5-stop teleportation journey
   746 | D:1      | Reached skill level 1 in Dodging
   805 | D:1      | Reached XP level 3. HP: 33/33 MP: 3/3
  1013 | D:1      | XOM: colour smoke trail
  1362 | D:2      | XOM: stealth player
  1576 | D:2      | XOM: 4-stop teleportation journey
  1624 | D:2      | Reached XP level 4. HP: 31/41 MP: 4/4
  1719 | D:2      | XOM is BORED!
  1719 | D:2      | XOM: give mutations
  1719 | D:2      | Gained mutation: Scrolls take you a little longer to read. [Xom's mischief]
  1719 | D:2      | Gained mutation: You are agile. (Dex +2) [Xom's mischief]
  1719 | D:2      | Gained mutation: Your magical capacity is low (-10% MP). [Xom's mischief]
  1870 | D:2      | XOM: summons 2 hostile demons
  1895 | D:2      | Slain by an iron imp

Vault maps used:
D:1:      dpeg_arrival_three_smaller_balls, serial_glass, glass_columns_a,
          glass_columns_a, glass_columns_a, glass_columns_a
D:2:      lemuel_doored_altar, first_bread,
          nicolae_gozag_cash_rules_everything_around_me

Action                   |  1- 3 |  4- 6 || total
-------------------------+-------+-------++-------
Melee: Falchion          |    60 |       ||    60
       Spear             |    59 |    22 ||    81
  Eat: Bread ration      |     1 |       ||     1
